 Dungeon Crawl Stone Soup version 0.21.0-3-g78d12a8 (webtiles) character file.

3902 Monsterracer the Cleaver (level 10, -4/88 HPs)
             Began as a Hill Orc Abyssal Knight on Jan 9, 2018.
             Was an Elder of Lugonu.
             Killed from afar by Erica (15 damage)
             ... with an orb of energy
             ... on level 9 of the Dungeon.
             The game lasted 00:15:39 (10788 turns).

Monsterracer the Cleaver (Hill Orc Abyssal Knight) Turns: 10788, Time: 00:15:39

Health: -4/88      AC: 19    Str: 19    XL:     10   Next: 20%
Magic:  12/16      EV:  7    Int: 12    God:    Lugonu [****..]
Gold:   277        SH:  0    Dex: 14    Spells: 9/9 levels left

rFire    . . .     SeeInvis .   a - +0 war axe (flame)
rCold    . . .     Gourm    .   (no shield)
rNeg     + . .     Faith    .   q - +3 plate armour
rPois    .         Spirit   .   k - +0 helmet
rElec    .         Reflect  .   s - +1 cloak
rCorr    .         Harm     .   (no gloves)
MR       .....                  (no boots)
Stlth    ..........             (no amulet)
HPRegen  0.24/turn              d - ring of Divine Compulsion {Wiz Dex+4}
MPRegen  0.15/turn              E - ring of positive energy {!d}

@: lethally poisoned (-4 -> -7)
A: no striking features
a: Depart the Abyss, Bend Space, Banish, Corrupt, Renounce Religion


You were on level 9 of the Dungeon.
You worshipped Lugonu.
Lugonu was greatly pleased with you.
You were near starving.

You visited 1 branch of the dungeon, and saw 9 of its levels.
You visited the Abyss 1 time.
You also visited: Sewer and Ossuary.

You collected 277 gold pieces.

Inventory:

Hand Weapons
 a - a +0 war axe of flaming (weapon)
 b - a +0 broad axe
 A - a +0 battleaxe
Armour
 k - a +0 helmet (worn)
 l - a +0 shield
 o - a +1 ring mail of fire resistance
 q - a +3 plate armour (worn)
 s - a +1 cloak (worn)
Jewellery
 d - the ring of Divine Compulsion (left hand) {Wiz Dex+4}
   (You found it on level 4 of the Dungeon)

   [ring of wizardry]

   It improves your spell success rate.
   It affects your dexterity (+4).
 E - a ring of positive energy (right hand) {!d}
Wands
 g - a wand of digging (25)
 B - a wand of enslavement (15)
Scrolls
 j - 2 scrolls of fear {!r}
 n - 4 scrolls of teleportation
 p - 2 scrolls of remove curse
 t - a scroll of fog
 v - a scroll of holy word
Potions
 e - a potion of flight
 f - 5 potions of might
 h - 3 potions of curing
 i - a potion of magic
 m - a potion of invisibility
 r - a potion of brilliance
 w - a potion of ambrosia {!q}
 x - a potion of heal wounds
 z - a potion of haste
 C - a potion of mutation {unknown}
Comestibles
 c - 15 rations


   Skills:
 + Level 8.0 Fighting
 * Level 12.1 Axes
 + Level 6.7 Armour
 - Level 3.3 Dodging
 + Level 8.0 Invocations


You had 9 spell levels left.
You didn't know any spells.

Dungeon Overview and Level Annotations

Branches:
Dungeon (9/15)             Temple (0/1) D:5
   Lair: D:8-11         Orc: D:9-12

Altars:
Ashenzari
Dithmenos
Fedhas
Hepliaklqana
Kikubaaqudgha
Nemelex Xobeh
Qazlal
Vehumet
Xom
Yredelemnul

Annotations:
D:9 Erica


Message History

An orb of energy appears from out of thin air!
The orb of energy hits you!
You take 9 damage, and have 78/88 hp.
There is a stone staircase leading up here.
You hear some strange, mumbled words.
Something tries to affect you, but you resist.
You slash something! You burn something. You hit something.
You hear some strange, mumbled words.
An orb of energy appears from out of thin air!
The orb of energy hits you!
You take 17 damage, and have 62/88 hp.
You miss something.
You hear some strange, mumbled words.
Something tries to affect you, but you resist.
You miss something.
You hear some strange, mumbled words.
You feel yourself slow down.
Unknown command.
You slash something! You burn something. Something hits you but does no damage.
You miss something. Something hits you but does no damage.
You slash something! You burn something.
You hear some strange, mumbled words.
You are confused.
You hear some strange, mumbled words.
An orb of energy appears from out of thin air!
The orb of energy hits you!
The orb of energy explodes!
You miss something. Something hits you but does no damage.
You take 3 damage, and have 60/88 hp.
Something hits you! Something burns you.
You take 10 damage, and have 50/88 hp.
You hear some strange, mumbled words.
Something tries to affect you, but you resist.
You're too confused to move!
Something hits you but does no damage.
You barely miss something.
You feel less confused. Something hits you but does no damage.
You hit something. Something hits you. Something burns you.
You hear some strange, mumbled words.
You are confused.
You take 3 damage, and have 48/88 hp.
You miss something. Something hits you. Something burns you.
* * * LOW HITPOINT WARNING * * *
You take 5 damage, and have 43/88 hp.
Something hits you.
* * * LOW HITPOINT WARNING * * *
Something burns you.
* * * LOW HITPOINT WARNING * * *
You take 6 damage, and have 37/88 hp.
You slash something! Something hits you but does no damage.
You closely miss something. Something hits you but does no damage.
You feel less confused. Something hits you.
* * * LOW HITPOINT WARNING * * *
Something burns you.
* * * LOW HITPOINT WARNING * * *
You take 5 damage, and have 33/88 hp.
Unknown command.
You barely miss something.
You hear some strange, mumbled words.
Something tries to affect you, but you resist.
You barely miss something.
Erica appears from thin air!
Reactivating autopickup.
Erica screams, "I'll never tell where it is!"
Erica hits you but does no damage.
You hit Erica but do no damage.
Erica is severely wounded.
You feel yourself speed up. Erica hits you but does no damage.
Your plate armour prevents you from hitting Erica.
Erica is severely wounded.
Erica casts a spell at you. You resist with significant effort.
Your plate armour prevents you from hitting Erica.
Erica is severely wounded.
Erica points at you and mumbles some strange words.
The bolt of poison hits you!
You are poisoned.
* * * LOW HITPOINT WARNING * * *
You take 21 damage, and have 13/88 hp.
MASSIVE DAMAGE!!
Okay, then.
Your plate armour prevents you from hitting Erica.
Erica is severely wounded.
You feel sick. Erica hits you but does no damage.
You hit Erica. You burn Erica.
Erica is severely wounded.
You feel sick.
Erica mumbles some strange words.
Erica flickers and vanishes!
Deactivating autopickup; reactivate with Ctrl-A.
You take 1 damage, and have 12/88 hp.
Unknown command.
Press: ? - help, Shift-Dir - straight line Nothing appears to happen.
You are near starving!
You feel sick.
You hear some strange, mumbled words.
An orb of energy appears from out of thin air!
The orb of energy hits you!
You die...

...... #?........
......###.........
..............# #
.......†......# .+
..............###.#
..................#
....!.............##
###................#
#.......<.{@.....#
#.............(..#
............(....#
.................#
...........###....
...........# ....
...........# ...
...###...... ..


There were no monsters in sight!

Vanquished Creatures
  The ghost of Tiamon the Cleaver, a novice HOFi (D:5)
  Grinder (D:3)
  Sigmund (D:3)
  A human (D:8)
  The ghost of Monsterracer the Chopper, an amateur HOAK of Lugonu (D:3)
  4 hogs (D:8)
  A hungry ghost (D:7)
  Duvessa (D:4)
  Purgy (Sewer)
  2 orc warriors
  A black bear (D:7)
  A phantom (D:6)
  2 centaurs (D:5)
  A bullfrog (D:8)
  Dowan (D:4)
  2 scorpions
  2 howler monkeys
  2 centaur zombies
  2 crimson imps
  A quasit (D:7)
  A bullfrog zombie (D:4)
  An orc priest (D:4)
  A bullfrog skeleton (D:5)
  2 hounds
  A jelly (D:6)
  Crazy Yiuf (D:5)
  8 orc wizards
  An iguana (D:8)
  2 worker ants
  3 big kobold zombies (Ossuary)
  2 hound zombies
  5 mummies (Ossuary)
  3 worker ant zombies (D:4)
  4 gnolls
  2 howler monkey skeletons
  9 adders
  A river rat (D:3)
  A shadow imp (D:5)
  4 adder zombies
  3 oozes
  An adder skeleton (D:5)
  A worm (D:2)
  5 dart slugs
  3 leopard geckos
  26 orcs
  3 ball pythons
  6 giant cockroaches
  3 goblins
  4 hobgoblins
  10 jackals
  2 quokkas
  4 bats
  4 frilled lizards
  3 giant cockroach zombies (D:4)
  2 hobgoblin zombies (Ossuary)
  8 kobolds
  2 leopard gecko zombies (D:4)
  7 rats
  2 fungi (D:7)
180 creatures vanquished.

Vanquished Creatures (others)
  A bullfrog (D:9)
  A fungus (D:8)
  A plant (D:8)
3 creatures vanquished.

Grand Total: 183 creatures vanquished

Notes
Turn   | Place    | Note
-------+----------+-------------------------------------------
     0 | Abyss:1  | Monsterracer the Hill Orc Abyssal Knight began the quest for the Orb.
     0 | Abyss:1  | Reached XP level 1. HP: 19/19 MP: 2/2
     7 | D:1      | Escaped the Abyss
   249 | D:1      | Reached skill level 3 in Axes
   380 | D:1      | Reached XP level 2. HP: 20/26 MP: 3/3
   396 | D:1      | HP: 13/26 [kobold/short sword (6)]
   645 | D:1      | Reached skill level 4 in Axes
  1281 | D:2      | Reached XP level 3. HP: 28/31 MP: 4/4
  1306 | D:2      | HP: 15/31 [adder (1)]
  1312 | D:2      | HP: 10/31 [poisoned by an adder]
  1317 | D:2      | HP: 8/31 [jackal (1)]
  1319 | D:2      | Reached skill level 5 in Axes
  1325 | D:2      | HP: 6/31 [poisoned by an adder]
  1596 | D:1      | HP: 15/31 [poisoned by an adder]
  1601 | D:1      | HP: 14/31 [poisoned by an adder]
  1606 | D:1      | HP: 12/31 [poisoned by an adder]
  1614 | D:1      | HP: 11/31 [poisoned by an adder]
  1856 | D:2      | Reached XP level 4. HP: 39/39 MP: 5/5
  1867 | D:2      | Reached ** piety under Lugonu
  1910 | D:2      | Reached skill level 6 in Axes
  1943 | D:1      | HP: 16/39 [gnoll/whip (9)]
  1948 | D:1      | HP: 8/39 [gnoll/whip (5)]
  2209 | D:2      | HP: 16/40 [gnoll/halberd of protection (7)]
  2465 | D:2      | Reached XP level 5. HP: 46/46 MP: 7/7
  2765 | D:2      | Found a sparkling altar of Nemelex Xobeh.
  3127 | D:3      | Noticed Grinder
  3130 | D:3      | Found a glowing drain.
  3157 | D:3      | Noticed Monsterracer's ghost (amateur HOAK)
  3166 | D:3      | HP: 19/46 [Monsterracer's ghost (11)]
  3171 | D:3      | HP: 18/46 [Monsterracer's ghost (2)]
  3174 | D:3      | HP: 5/46 [Monsterracer's ghost (7)]
  3176 | D:3      | Killed Monsterracer's ghost
  3176 | D:3      | Reached skill level 7 in Axes
  3176 | D:3      | Reached skill level 1 in Dodging
  3176 | D:3      | Reached XP level 6. HP: 4/52 MP: 8/8
  3296 | D:3      | Noticed Sigmund
  3298 | D:3      | HP: 15/52 [Sigmund/scythe (10)]
  3307 | D:3      | HP: 12/52 [something/magic dart (4)]
  3548 | D:3      | Paralysed by Grinder for 2 turns
  3553 | D:3      | Paralysed by Grinder for 7 turns
  3566 | D:3      | HP: 26/52 [Grinder (4)]
  3818 | Sewer    | Entered a sewer
  3930 | Sewer    | Noticed Purgy
  3974 | Sewer    | HP: 24/52 [Purgy (7)]
  3980 | Sewer    | HP: 17/52 [Purgy (5)]
  3982 | Sewer    | HP: 8/52 [Purgy (4)]
  3987 | Sewer    | HP: 3/78 [Purgy (4)]
  3988 | Sewer    | Killed Purgy
  4387 | D:3      | Paralysed by Grinder for 2 turns
  4388 | D:3      | HP: 24/53 [Grinder (5)]
  4391 | D:3      | Killed Grinder
  4391 | D:3      | Reached XP level 7. HP: 20/60 MP: 8/10
  4463 | D:3      | HP: 26/60 [river rat (8)]
  4466 | D:3      | Reached skill level 8 in Axes
  4705 | D:3      | Killed Sigmund
  4705 | D:3      | Reached skill level 5 in Fighting
  5039 | D:3      | Found a hazy altar of Hepliaklqana.
  5140 | D:4      | Noticed Duvessa
  5140 | D:4      | Noticed Dowan
  5177 | D:4      | HP: 30/61 [Duvessa/short sword (2)]
  5367 | D:4      | HP: 28/61 [Duvessa/short sword (7)]
  5372 | D:4      | Killed Duvessa
  5372 | D:4      | Reached XP level 8. HP: 25/68 MP: 11/11
  5590 | D:4      | Reached *** piety under Lugonu
  5737 | D:4      | Killed Dowan
  5876 | D:4      | Got a transparent pewter ring
  5877 | D:4      | Identified the ring of Divine Compulsion {Wiz Dex+4} (You found it on level 4 of the Dungeon)
  5918 | D:4      | Reached skill level 5 in Invocations
  5976 | D:4      | Reached skill level 9 in Axes
  6382 | D:4      | Found a shadowy altar of Dithmenos.
  6721 | D:5      | Entered Level 5 of the Dungeon
  6937 | D:5      | Noticed Tiamon's ghost (novice HOFi)
  6954 | D:5      | Killed Tiamon's ghost
  6954 | D:5      | Reached skill level 10 in Axes
  6954 | D:5      | Reached skill level 5 in Armour
  6954 | D:5      | Reached XP level 9. HP: 41/78 MP: 13/13
  7036 | D:5      | Found a staircase to the Ecumenical Temple.
  7123 | D:5      | Found an ancient bone altar of Kikubaaqudgha.
  7157 | D:5      | Reached **** piety under Lugonu
  7477 | D:5      | Found a runed door.
  7892 | D:5      | Noticed Crazy Yiuf
  7899 | D:5      | Killed Crazy Yiuf
  8759 | D:6      | Found a basalt altar of Yredelemnul.
  8990 | D:7      | Found a stormy altar of Qazlal.
  8995 | D:7      | Reached skill level 11 in Axes
  9031 | D:7      | Found a sand-covered staircase.
  9080 | Ossuary  | Entered an ossuary
  9454 | D:7      | Found a blossoming altar of Fedhas.
  9514 | D:7      | Found a shattered altar of Ashenzari.
  9556 | D:7      | Found a shimmering altar of Xom.
  9974 | D:8      | Reached XP level 10. HP: 74/88 MP: 15/15
  9990 | D:8      | Reached skill level 12 in Axes
 10235 | D:8      | Found a radiant altar of Vehumet.
 10428 | D:8      | Found a shattered altar of Ashenzari.
 10432 | D:8      | Saw a vision of the Swamp and the Snake Pit.
 10432 | D:8      | Noticed a naga mage
 10432 | D:8      | Noticed a naga mage
 10432 | D:8      | Noticed a naga warrior
 10432 | D:8      | Noticed a naga sharpshooter
 10432 | D:8      | Noticed a black mamba
 10432 | D:8      | Noticed an anaconda
 10432 | D:8      | Noticed a naga mage
 10432 | D:8      | Noticed an alligator
 10432 | D:8      | Noticed an alligator
 10433 | D:8      | Noticed a naga warrior
 10433 | D:8      | Noticed an alligator
 10434 | D:8      | Noticed a shock serpent
 10434 | D:8      | Noticed a naga mage
 10750 | D:9      | Noticed Erica
 10776 | D:9      | HP: 43/88 [something (2)]
 10785 | D:9      | HP: 13/88 [Erica/bolt of poison (21)]
 10788 | D:9      | Killed from afar by Erica

Skill      XL: |  1  2  3  4  5  6  7  8  9 10 |
---------------+-------------------------------+-----
Axes           | 3 4 5 6 7 8 10 11 12 | 12.1
Fighting       | 4 5 6 7 8 |  8.0
Armour         | 3 4 5 6 |  6.7
Dodging        | 1 2 3 |  3.3
Invocations    | 3 4 6 7 8 |  8.0

Action                   |  1- 3 |  4- 6 |  7- 9 | 10-12 || total
-------------------------+-------+-------+-------+-------++-------
Melee: Hand axe          |   101 |    92 |   195 |       ||   388
       Halberd           |       |    84 |    14 |       ||    98
       War axe           |       |       |   250 |    67 ||   317
Invok: Bend Space        |       |     1 |       |       ||     1
       Banish            |       |       |       |     1 ||     1
  Use: Scroll            |       |    10 |     9 |     3 ||    22
       Potion            |       |     1 |       |       ||     1
  Eat: Chunk             |     3 |     7 |    15 |     1 ||    26
       Ration            |       |       |     2 |       ||     2
Armor: Leather armour    |     9 |       |       |       ||     9
       Scale mail        |    38 |    27 |       |       ||    65
       Ring mail         |       |    55 |    73 |       ||   128
       Skin              |       |     9 |       |       ||     9
       Plate armour      |       |       |   122 |    39 ||   161
Dodge: Dodged            |    39 |   112 |   173 |    14 ||   338

Vault maps used:
D:1:      lemuel_arrival_river_ford, serial_glass, glass_columns_a,
          glass_columns_b, glass_columns_a, glass_columns_b, glass_columns_b
D:2:      overflow_temple_1_default
D:3:      lemuel_coloured_pillars_altar, portal_sewer_entry_c, uniq_grinder,
          uniq_sigmund
D:4:      serial_undead, serial_undead_f, serial_undead_a, serial_undead_f,
          serial_undead_d, first_ration, nicolae_dithmenos_shadow_blocks,
          uniq_duvessa
D:5:      lemuel_crystal_altar, minmay_temple_entry_grid,
          uniq_crazy_yiuf_cottage
D:6:      nicolae_overflow_hidden_temple, minmay_misc_feat_roman
D:7:      overflow_temple_1_default, fedhas_altar_3, lemuel_doored_altar,
          nicolae_overflow_crystal_walls, nicolae_ossuary_entry_false_entrances
D:8:      fiery_altar_vehumet, grunt_livestock, grunt_ashenzari_visionary
D:9:      lemuel_crystal_altar, nicolae_ru_the_path_less_chosen,
          lightli_corner_chamber, uniq_joseph, uniq_erica
Abyss:1:  abyss_exit_lava
Sewer:    sewer_the_crocodile
Ossuary:  ossuary_the_hunt_dpeg
